 Dungeon Crawl Stone Soup version 0.31-a0-868-g674d60d6f7 (webtiles) character file.

Game seed: 16146543645732748198

67 MachoJfn the Chopper (level 3, -2/28 HPs)
             Began as a Demonspawn Gladiator on Oct 11, 2023.
             Was a Follower of Dithmenos.
             Slain by an ogre
             ... wielding a +0 giant spiked club
              (13 damage)
             ... on level 2 of the Dungeon.
             The game lasted 00:02:46 (1112 turns).

MachoJfn the Chopper (Demonspawn Gladiator)         Turns: 1112, Time: 00:02:47

Health: -2/28      AC: 13    Str: 16    XL:     3   Next: 98%
Magic:  3/3        EV:  5    Int:  9    God:    Dithmenos [*.....]
Gold:   61         SH:  0    Dex: 14    Spells: 2/2 levels left

rFire   . . .        a - +0 war axe
rCold   . . .        (no shield)
rNeg    . . .        g - +0 plate armour
rPois   .            c - +0 helmet
rElec   .            f - +0 cloak
rCorr   .            j - +0 pair of gloves
SInv    .            (no boots)
Will    .....        (no amulet) Stlth
                     (no ring)
HPRegen 0.24/turn    (no ring)
MPRegen 0.08/turn

%: no passive effects
@: wreathed by umbra
A: claws 1, demonic magic 1
a: Renounce Religion


You were on level 2 of the Dungeon.
You worshipped Dithmenos.
Dithmenos was aware of your devotion.
You visited 1 branch of the dungeon, and saw 2 of its levels.

You collected 61 gold pieces.

Inventory:

Hand Weapons
 a - a +0 war axe (weapon)
Missiles
 d - 3 throwing nets (quivered)
 e - a javelin
 i - 14 stones
 l - 2 curare-tipped darts
 o - 4 boomerangs
Armour
 c - a +0 helmet (worn)
 f - a +0 cloak (worn)
 g - a +0 plate armour (worn)
 j - a +0 pair of gloves (worn)
Scrolls
 b - a scroll of silence {unknown}
 h - a scroll of enchant armour {unknown}
 k - a scroll of fog {unknown}
 m - a scroll of vulnerability {unknown}
 q - a scroll of amnesia {unknown}
 r - a scroll of identify {unknown}
Potions
 n - 2 potions of enlightenment {unknown}
 p - a potion of mutation {unknown}


   Skills:
 + Level 2.3 Fighting
 + Level 3.7 Axes
 - Level 1.8 Throwing
 + Level 1.1 Armour
 + Level 3.0 Dodging
 + Level 0.3 Stealth


You had 2 spell levels left.
You didn't know any spells.
Your spell library was empty.

Dungeon Overview and Level Annotations

Branches:
Dungeon (2/15)

Altars:
Dithmenos

Shops:
D:1 !


Innate Abilities, Weirdness & Mutations

You have sharp fingernails.
Spells you cast may paralyse adjacent enemies.


Message History

The kobold hits you with a +0 club.
You hit the endoplasm but do no damage. You hit the kobold.
You kill the kobold!
Dithmenos accepts your kill. The endoplasm freezes you.
You are frozen.
The endoplasm freezes you.
You are frozen.
You slash the endoplasm!
You kill the endoplasm!
Dithmenos accepts your kill.
A frilled lizard comes into view.
The frilled lizard hisses angrily.
You hit the frilled lizard.
You kill the frilled lizard!
Dithmenos accepts your kill.
r - a scroll labelled IXOKLOIHOTH A giant cockroach comes into view.
An ogre comes into view. It is wielding a +0 giant spiked club.
The ogre shouts!
You hit the giant cockroach but do no damage.
The giant cockroach bites you but does no damage.
You barely miss the giant cockroach.
The giant cockroach bites you but does no damage.
The giant cockroach bites you.
You hit the giant cockroach.
The giant cockroach is severely wounded.
The giant cockroach barely misses you.
You slash the giant cockroach!
You kill the giant cockroach!
Dithmenos accepts your kill. The ogre barely misses you.
You hit the ogre but do no damage. You barely miss the ogre.
The ogre hits you with a +0 giant spiked club!
Ouch! That really hurt!
You hit the ogre.
The ogre is lightly wounded.
The ogre hits you with a +0 giant spiked club!
You die...

..... ....
.... ..#
..# #.#
...#####.#
......O@.#
##
...#####.#
.# #.# †#
#.#
.#######
#.#
........
#.#
........
#.#
...###.#
#.# .#.#
#.#


You could see an ogre.

Vanquished Creatures
  Natasha (D:2)
  A gnoll (D:1)
  A dart slug (D:1)
  2 bats
  3 endoplasms
  2 giant cockroaches (D:2)
  2 goblins
  4 hobgoblins (D:1)
  5 ball pythons (D:1)
  4 frilled lizards
  4 kobolds
  2 rats (D:1)
31 creatures vanquished.

Notes
Turn   | Place    | Note
-------+----------+-------------------------------------------
     0 | D:1      | MachoJfn the Demonspawn Gladiator began the quest for the
                  | Orb.
     0 | D:1      | Reached XP level 1. HP: 16/16 MP: 1/1
    52 | D:1      | Found Ahegop's Distillery.
   176 | D:1      | Gained mutation: You have sharp fingernails. [demonic
                  | ancestry]
   176 | D:1      | Reached XP level 2. HP: 8/22 MP: 2/2
   363 | D:1      | Found a faded altar of an unknown god.
   396 | D:1      | Prayed at the altar of an unknown god.
   396 | D:1      | Became a worshipper of Dithmenos the Shadowed
   396 | D:1      | Reached * piety under Dithmenos
   501 | D:1      | Gained mutation: Spells you cast may paralyse adjacent
                  | enemies. [demonic ancestry]
   501 | D:1      | Reached XP level 3. HP: 13/27 MP: 3/3
   942 | D:2      | Noticed Natasha
   952 | D:2      | Killed Natasha
  1013 | D:2      | Reached skill level 1 in Armour
  1105 | D:2      | Noticed an ogre
  1112 | D:2      | Slain by an ogre

Illustrated notes

Levels and vault maps discovered:
D:1:      roderic_dead_forest, layout_basic, ebering_ecumenical_altar_mist,
          serial_shops, shop
D:2:      layout_loops_ring, hangedman_abyss_or_decor_lesser_grid, uniq_natasha,
          uniq_jessica

Skill      XL: |  1  2  3 |
---------------+----------+-----
Axes           | 3 |  3.7
Dodging        | 3 |  3.0
Armour         | 1 |  1.1
Fighting       | |  2.3
Throwing       | |  1.8
Stealth        | |  0.3

Action                     || total
---------------------------++-------
  Melee: War axe           ||    83
 Armour: Plate armour      ||    80
         Leather armour    ||     5
  Dodge: Dodged            ||    25

Table legend: (Time is in decaauts)
 A = Elapsed time spent in this place.
 B = Non-inter-level travel time spent in this place.
 C = Inter-level travel time spent in this place.
 D = Time resting spent in this place.
 E = Time spent auto-exploring this place.
 F = Levels seen in this place.
 G = Mean time per level.
                   A        B        C        D        E       F      G
               +--------+--------+--------+--------+--------+-----+--------+
         Total |   1139 |   1019 |    120 |    104 |    629 |   2 |  569.5 |
       Dungeon |   1139 |   1019 |    120 |    104 |    629 |   2 |  569.5 |
               +--------+--------+--------+--------+--------+-----+--------+

Top non-repeatable levels by time:
     D:1: 940 daAuts
     D:2: 199 daAuts
